TOP OF THE 1ST |
Rome Braves batting - Pitching for Brooklyn Cyclones : RHP John Mason
|
Pitching: RHP John Mason
|
|
Batting: LHB J.P. Olson
|
0-0: Foul Ball, location: 2F 0-1: Ground out U3 (Groundball, 3L, EV 108.8 MPH)
|
Batting: RHB Brandon Burrell
|
0-0: Ball 1-0: Ball 2-0: Ground out 6-3 (Groundball, 6M, EV 82.5 MPH)
|
Batting: LHB Curt Nelson
|
0-0: Called Strike 0-1: Ball 1-1: Ground out 1-3 (Groundball, 13, EV 70.6 MPH)
|
Top of the 1st over - 0 runs, 0 hits, 0 errors, 0 left on base; Rome 0 - Brooklyn 0 |
BOTTOM OF THE 1ST |
Brooklyn Cyclones batting - Pitching for Rome Braves : LHP Ron Duffy
|
Pitching: LHP Ron Duffy
|
|
Batting: RHB Tony Oria
|
0-0: Ball 1-0: Ball 2-0: Ball 3-0: Base on Balls
|
Batting: RHB Allen Wozniak
|
0-0: Ball Tony Oria is caught stealing 2nd base 2-4 1-0: Foul Ball, location: 2F 1-1: Ball 2-1: Called Strike 2-2: Ball 3-2: Strikes out looking
|
Batting: LHB Victor Ferrermena
|
0-0: Foul Ball, location: 2F 0-1: Ground out 4-3 (Groundball, 4, EV 91.9 MPH)
|
Bottom of the 1st over - 0 runs, 0 hits, 0 errors, 0 left on base; Rome 0 - Brooklyn 0 |
TOP OF THE 2ND |
Rome Braves batting - Pitching for Brooklyn Cyclones : RHP John Mason
|
Batting: RHB Ike Trout
|
0-0: Called Strike 0-1: Ball 1-1: Ground out 2-3 (Groundball, 13S, EV 65.0 MPH)
|
Batting: LHB Mike Tenorio
|
0-0: Called Strike 0-1: Foul Ball, location: 2F 0-2: Ball 1-2: Ball 2-2: Foul Ball, location: 2F 2-2: Foul Ball, location: 2F 2-2: SINGLE (Line Drive, 56D, EV 95.0 MPH)
|
Batting: LHB Javier Rubio
|
0-0: Called Strike 0-1: Foul Ball, location: 2F 0-2: Ball 1-2: Fielders Choice at 2nd, 4-6 (Groundball, 34D, EV 108.8 MPH)
|
Batting: RHB Alex Velasquez
|
0-0: Ball Javier Rubio steals 2nd base 1-0: Ball 2-0: Ball 3-0: Called Strike 3-1: DOUBLE (Line Drive, 89XD, EV 106.2 MPH) Javier Rubio scores
|
Batting: LHB Joe Phillips
|
0-0: Ground out 4-3 (Groundball, 4M, EV 113.1 MPH)
|
Top of the 2nd over - 1 run, 2 hits, 0 errors, 1 left on base; Rome 1 - Brooklyn 0 |
BOTTOM OF THE 2ND |
Brooklyn Cyclones batting - Pitching for Rome Braves : LHP Ron Duffy
|
Batting: RHB Leo Roman
|
0-0: Ball 1-0: Ball 2-0: Called Strike 2-1: Foul Ball, location: 2F 2-2: Strikes out swinging
|
Batting: LHB Adam Barry
|
0-0: SINGLE (Line Drive, 34D, EV 103.8 MPH)
|
Batting: RHB Hyeok Kim
|
0-0: Ball 1-0: Ball 2-0: Ball 3-0: Foul Ball, location: 2F 3-1: Called Strike 3-2: Strikes out swinging
|
Batting: SHB Julio Ramos
|
0-0: Ball 1-0: Ball 2-0: Ball 3-0: Called Strike 3-1: Foul Ball, location: 2F 3-2: Base on Balls Adam Barry to second
|
Batting: RHB Mario Trujillo
|
0-0: Fly out, F4 (Popup, 34, EV 60.0 MPH)
|
Bottom of the 2nd over - 0 runs, 1 hit, 0 errors, 2 left on base; Rome 1 - Brooklyn 0 |
TOP OF THE 3RD |
Rome Braves batting - Pitching for Brooklyn Cyclones : RHP John Mason
|
Batting: SHB Juan Aguilar
|
0-0: Ball 1-0: Called Strike 1-1: Foul Ball, location: 2F 1-2: Strikes out looking
|
Batting: LHB J.P. Olson
|
0-0: Called Strike 0-1: Foul Ball, location: 2F 0-2: SINGLE (Groundball, 3S, EV 70.0 MPH) (infield hit)
|
Batting: RHB Brandon Burrell
|
0-0: Ball J.P. Olson is caught stealing 2nd base 2-4 1-0: Foul Ball, location: 2F 1-1: Ground out 6-3 (Groundball, 6, EV 108.1 MPH)
|
Top of the 3rd over - 0 runs, 1 hit, 0 errors, 0 left on base; Rome 1 - Brooklyn 0 |
BOTTOM OF THE 3RD |
Brooklyn Cyclones batting - Pitching for Rome Braves : LHP Ron Duffy
|
Batting: RHB Edolf Vlemmings
|
0-0: Swinging Strike 0-1: Ball 1-1: Ball 2-1: Foul Ball, location: 2F 2-2: Strikes out looking
|
Batting: RHB Tony Oria
|
0-0: Called Strike 0-1: Swinging Strike 0-2: Ball 1-2: Ball 2-2: Strikes out looking
|
Batting: RHB Allen Wozniak
|
0-0: Foul Ball, location: 2F 0-1: Ball 1-1: Foul Ball, location: 2F 1-2: Strikes out swinging
|
Bottom of the 3rd over - 0 runs, 0 hits, 0 errors, 0 left on base; Rome 1 - Brooklyn 0 |
TOP OF THE 4TH |
Rome Braves batting - Pitching for Brooklyn Cyclones : RHP John Mason
|
Batting: LHB Curt Nelson
|
0-0: Called Strike 0-1: Ball 1-1: Foul Ball, location: 2F 1-2: Ball 2-2: Foul Ball, location: 2F 2-2: Foul Ball, location: 2F 2-2: DOUBLE (Groundball, 3L, EV 103.1 MPH)
|
Batting: RHB Ike Trout
|
0-0: Ball 1-0: Ball 2-0: Called Strike 2-1: Called Strike 2-2: Foul Ball, location: 2F 2-2: Fly out, F3 (Popup, 3, EV 62.5 MPH)
|
Batting: LHB Mike Tenorio
|
0-0: Ball Curt Nelson steals 3rd, throwing error, E2 Curt Nelson scores 1-0: Ball 2-0: Foul Ball, location: 2F 2-1: Ball 3-1: Fly out, F8 (Line Drive, 8RM, EV 95.6 MPH)
|
Batting: LHB Javier Rubio
|
0-0: Called Strike 0-1: Foul Ball, location: 2F 0-2: Strikes out swinging
|
Top of the 4th over - 1 run, 1 hit, 1 error, 0 left on base; Rome 2 - Brooklyn 0 |
BOTTOM OF THE 4TH |
Brooklyn Cyclones batting - Pitching for Rome Braves : LHP Ron Duffy
|
Batting: LHB Victor Ferrermena
|
0-0: Ball 1-0: Ball 2-0: Called Strike 2-1: Foul Ball, location: 2F 2-2: Foul Ball, location: 2F 2-2: Foul Ball, location: 2F 2-2: Foul Ball, location: 2F 2-2: Ball 3-2: Foul Ball, location: 2F 3-2: Ground out 6-3 (Groundball, 6, EV 97.5 MPH)
|
Batting: RHB Leo Roman
|
0-0: Called Strike 0-1: Swinging Strike 0-2: Strikes out swinging
|
Batting: LHB Adam Barry
|
0-0: Called Strike 0-1: Foul Ball, location: 2F 0-2: Ball 1-2: Strikes out swinging
|
Bottom of the 4th over - 0 runs, 0 hits, 0 errors, 0 left on base; Rome 2 - Brooklyn 0 |
TOP OF THE 5TH |
Rome Braves batting - Pitching for Brooklyn Cyclones : RHP John Mason
|
Batting: RHB Alex Velasquez
|
0-0: Called Strike 0-1: Ball 1-1: Ball 2-1: Foul Ball, location: 2F 2-2: Ball 3-2: Foul Ball, location: 2F 3-2: Fly out, F7 (Line Drive, 78D, EV 108.8 MPH)
|
Batting: LHB Joe Phillips
|
0-0: Ball 1-0: Called Strike 1-1: Ball 2-1: Foul Ball, location: 2F 2-2: Ball 3-2: Strikes out looking
|
Batting: SHB Juan Aguilar
|
0-0: Called Strike 0-1: Ball 1-1: Swinging Strike 1-2: Strikes out swinging
|
Top of the 5th over - 0 runs, 0 hits, 0 errors, 0 left on base; Rome 2 - Brooklyn 0 |
BOTTOM OF THE 5TH |
Brooklyn Cyclones batting - Pitching for Rome Braves : LHP Ron Duffy
|
Batting: RHB Hyeok Kim
|
0-0: Ball 1-0: Foul Ball, location: 2F 1-1: Ball 2-1: Ball 3-1: Foul Ball, location: 2F 3-2: Base on Balls
|
Batting: SHB Julio Ramos
|
0-0: Ball 1-0: Foul Ball, location: 2F 1-1: Called Strike 1-2: Strikes out swinging
|
Batting: RHB Mario Trujillo
|
0-0: Ball 1-0: Ball 2-0: Fielders Choice at 2nd, 4-6 (Groundball, 4, EV 105.6 MPH)
|
Batting: RHB Edolf Vlemmings
|
0-0: Ball Mario Trujillo steals 2nd base 1-0: Swinging Strike 1-1: Ball 2-1: Foul Ball, location: 2F 2-2: Strikes out looking
|
Bottom of the 5th over - 0 runs, 0 hits, 0 errors, 1 left on base; Rome 2 - Brooklyn 0 |
TOP OF THE 6TH |
Rome Braves batting - Pitching for Brooklyn Cyclones : RHP John Mason
|
Batting: LHB J.P. Olson
|
0-0: Ball 1-0: Called Strike 1-1: Foul Ball, location: 2F 1-2: Ball 2-2: Ball 3-2: Ground out U3 (Groundball, 3, EV 88.8 MPH)
|
Batting: RHB Brandon Burrell
|
0-0: Ball 1-0: Ball 2-0: Called Strike 2-1: Ball 3-1: Foul Ball, location: 2F 3-2: Foul Ball, location: 2F 3-2: Base on Balls
|
Batting: LHB Curt Nelson
|
0-0: Ball 1-0: Called Strike 1-1: Ball Wild Pitch! Brandon Burrell to second 2-1: Foul Ball, location: 2F 2-2: Ball Wild Pitch! Brandon Burrell to third 3-2: Foul Ball, location: 2F 3-2: Foul Ball, location: 2F 3-2: Foul Ball, location: 2F 3-2: Base on Balls
|
Batting: RHB Ike Trout
|
0-0: Ball Curt Nelson steals 2nd base 1-0: Fly out, F9 (Line Drive, 9D, EV 93.1 MPH) Runner from 3rd tags up, SCORES, throw by RF Curt Nelson to third
|
Batting: LHB Mike Tenorio
|
0-0: Called Strike 0-1: Ground out 5-3 (Groundball, 56, EV 108.8 MPH)
|
Top of the 6th over - 1 run, 0 hits, 0 errors, 1 left on base; Rome 3 - Brooklyn 0 |
BOTTOM OF THE 6TH |
Brooklyn Cyclones batting - Pitching for Rome Braves : LHP Ron Duffy
|
Batting: RHB Tony Oria
|
0-0: Ball 1-0: Fly out, F4 (Line Drive, 4, EV 64.4 MPH)
|
Batting: RHB Allen Wozniak
|
0-0: Swinging Strike 0-1: Swinging Strike 0-2: Ball 1-2: Ball 2-2: Ball 3-2: Foul Ball, location: 2F 3-2: SOLO HOME RUN (Flyball, 7D, EV 97.5 MPH), Distance : 385 ft
|
Batting: LHB Victor Ferrermena
|
0-0: Fly out, F8 (Flyball, 78M, EV 93.1 MPH)
|
Batting: RHB Leo Roman
|
0-0: Foul Ball, location: 2F 0-1: Foul Ball, location: 2F 0-2: Ball 1-2: Foul Ball, location: 2F 1-2: Foul Ball, location: 2F 1-2: Ball 2-2: Strikes out swinging
|
Bottom of the 6th over - 1 run, 1 hit, 0 errors, 0 left on base; Rome 3 - Brooklyn 1 |
TOP OF THE 7TH |
Rome Braves batting - Pitching for Brooklyn Cyclones : RHP John Mason
|
Pitching: LHP Jose Diaz
|
|
Batting: LHB Javier Rubio
|
0-0: Swinging Strike 0-1: Ball 1-1: Swinging Strike 1-2: Ground out 1-3 (Groundball, 13S, EV 74.4 MPH)
|
Pitching: RHP Marvin Merino
|
|
Batting: RHB Alex Velasquez
|
0-0: Called Strike 0-1: SINGLE (Groundball, P, EV 81.9 MPH) (infield hit)
|
Batting: LHB Joe Phillips
|
0-0: Called Strike 0-1: Ball Alex Velasquez steals 2nd base 1-1: Intentional Walk
|
Batting: SHB Juan Aguilar
|
0-0: Ball Alex Velasquez steals 3rd base 1-0: Swinging Strike 1-1: Fly out, F4 (Popup, 4, EV 66.9 MPH)
|
Batting: LHB J.P. Olson
|
0-0: Fly out, F4 (Line Drive, 4, EV 71.2 MPH)
|
Top of the 7th over - 0 runs, 1 hit, 0 errors, 2 left on base; Rome 3 - Brooklyn 1 |
BOTTOM OF THE 7TH |
Brooklyn Cyclones batting - Pitching for Rome Braves : LHP Ron Duffy
|
Batting: LHB Adam Barry
|
0-0: Called Strike 0-1: Ball 1-1: Ball 2-1: Foul Ball, location: 2F 2-2: Ball 3-2: Base on Balls
|
Pitching: RHP Jeremy Hurley
|
|
Batting: RHB Hyeok Kim
|
0-0: Sac Bunt to 13 - play at first, batter OUT! 1-3 Adam Barry to second
|
Batting: SHB Julio Ramos
|
0-0: Called Strike 0-1: Ball 1-1: Foul Ball, location: 2F 1-2: Ball 2-2: Strikes out swinging
|
Batting: RHB Mario Trujillo
|
0-0: Ground out 6-3 (Groundball, 6, EV 108.1 MPH)
|
Bottom of the 7th over - 0 runs, 0 hits, 0 errors, 1 left on base; Rome 3 - Brooklyn 1 |
TOP OF THE 8TH |
Rome Braves batting - Pitching for Brooklyn Cyclones : RHP Marvin Merino
|
Batting: RHB Brandon Burrell
|
0-0: Ball 1-0: Foul Ball, location: 2F 1-1: Ball 2-1: Ground out 5-3 (Groundball, 56S, EV 63.8 MPH)
|
Batting: LHB Curt Nelson
|
0-0: Ball 1-0: Ground out 4-3 (Groundball, 4, EV 83.1 MPH)
|
Batting: RHB Ike Trout
|
0-0: Foul Ball, location: 2F 0-1: Ball 1-1: Called Strike 1-2: Ball 2-2: Strikes out looking
|
Top of the 8th over - 0 runs, 0 hits, 0 errors, 0 left on base; Rome 3 - Brooklyn 1 |
BOTTOM OF THE 8TH |
Brooklyn Cyclones batting - Pitching for Rome Braves : RHP Jeremy Hurley
|
Now at 3B: Adrian Billups
|
|
Now in LF: Javier Rubio
|
|
Now in RF: Malik Boulay
|
|
Batting: RHB Edolf Vlemmings
|
0-0: Swinging Strike 0-1: Ground out 4-3 (Groundball, 4, EV 85.0 MPH)
|
Pinch Hitting: LHB Kodai Furuki
|
0-0: Foul Ball, location: 2F 0-1: Ball 1-1: Swinging Strike 1-2: Foul Ball, location: 2F 1-2: Ball 2-2: Strikes out swinging
|
Batting: RHB Allen Wozniak
|
0-0: SINGLE (Groundball, 6MD, EV 98.8 MPH)
|
Batting: LHB Victor Ferrermena
|
0-0: Ball 1-0: Foul Ball, location: 2F 1-1: Foul Ball, location: 2F 1-2: Foul Ball, location: 2F 1-2: Ball 2-2: Ball 3-2: Base on Balls Allen Wozniak to second
|
Batting: RHB Leo Roman
|
0-0: Ball 1-0: Foul Ball, location: 2F 1-1: Ball 2-1: Fielders Choice at 2nd, 6-4 (Groundball, 6, EV 85.0 MPH)
|
Bottom of the 8th over - 0 runs, 1 hit, 0 errors, 2 left on base; Rome 3 - Brooklyn 1 |
TOP OF THE 9TH |
Rome Braves batting - Pitching for Brooklyn Cyclones : RHP Marvin Merino
|
Pitching: RHP Jason Vulich
|
|
Now at 3B: Mario Trujillo
|
|
Now in LF: Kodai Furuki
|
|
Batting: LHB Mike Tenorio
|
0-0: Ball 1-0: Ground out 6-3 (Groundball, 6M, EV 106.2 MPH)
|
Batting: LHB Javier Rubio
|
0-0: Foul Ball, location: 2F 0-1: Ball 1-1: Called Strike 1-2: SINGLE (Line Drive, 78S, EV 91.2 MPH)
|
Batting: RHB Alex Velasquez
|
0-0: Called Strike Javier Rubio steals 2nd base 0-1: Foul Ball, location: 2F 0-2: Strikes out swinging
|
Batting: LHB Joe Phillips
|
0-0: Ball 1-0: Called Strike 1-1: Ball 2-1: Swinging Strike 2-2: Strikes out looking
|
Top of the 9th over - 0 runs, 1 hit, 0 errors, 1 left on base; Rome 3 - Brooklyn 1 |
BOTTOM OF THE 9TH |
Brooklyn Cyclones batting - Pitching for Rome Braves : RHP Jeremy Hurley
|
Pitching: RHP Aaron Shapiro
|
|
Batting: LHB Adam Barry
|
0-0: Called Strike 0-1: Foul Ball, location: 2F 0-2: Ball 1-2: Strikes out looking
|
Pinch Hitting: LHB Bill Fortin
|
0-0: Fly out, F8 (Flyball, 8LM, EV 88.1 MPH)
|
Batting: SHB Julio Ramos
|
0-0: Foul Ball, location: 2F 0-1: Swinging Strike 0-2: Strikes out swinging
|
Bottom of the 9th over - 0 runs, 0 hits, 0 errors, 0 left on base; Rome 3 - Brooklyn 1 |
|